 Dungeon Crawl Stone Soup version 0.28.0-61-g67df4f89a8 (webtiles) character file.

Game seed: 11615256223431557286

167 hikkokomori the Digger (level 5, -1/31 HPs)
             Began as a Gargoyle Earth Elementalist on Feb 17, 2023.
             Killed by divine providence
             ... invoked by an orc priest
              (12 damage)
             ... on level 4 of the Dungeon on Feb 18, 2023.
             The game lasted 00:04:53 (3152 turns).

hikkokomori the Digger (GrEE)                       Turns: 3152, Time: 00:04:54

Health: -1/31      AC:  7    Str: 11    XL:     5   Next: 48%
Magic:  6/9        EV: 12    Int: 24    God:
Gold:   120        SH:  0    Dex: 10    Spells: 5/9 levels left

rFire   . . .      SeeInvis .   l - +6 falchion of Shrieking Terror {flame, rElec Int+6}
rCold   . . .      Faith    .   (no shield)
rNeg    + . .      Spirit   .   b - +0 robe
rPois   ∞          Reflect  .   (no helmet)
rElec   +          Harm     .   (no cloak)
rCorr   .          Rampage  .   g - +0 pair of gloves
Will    .....                   (no boots)
Stlth   ++........              (no amulet)
HPRegen 0.10/turn               (no ring)
MPRegen 0.11/turn               (no ring)

@: no status effects
A: sickness immunity, AC +4, negative energy resistance 1, electricity
resistance, torment resistance 1, petrification resistance
a: no special abilities


You were on level 4 of the Dungeon.
You visited 1 branch of the dungeon, and saw 4 of its levels.

You collected 120 gold pieces.

Inventory:

Hand Weapons
 f - a +0 short sword of electrocution
 l - the +6 falchion of Shrieking Terror (weapon) {flame, rElec Int+6}
   (You took it off a hobgoblin on level 3 of the Dungeon)

   It burns those it strikes, dealing additional fire damage.
   Big, fiery blades are also staple armaments of hydra-hunters.
   Int:       It affects your intelligence (+6).
   rElec:     It insulates you from electricity.
Missiles
 c - 60 stones
Armour
 b - a +0 robe (worn)
 g - a +0 pair of gloves (worn)
Scrolls
 d - a scroll of enchant armour {unknown}
 h - 3 scrolls of teleportation {unknown}
 j - a scroll of identify {unknown}
Potions
 a - a potion of magic {unknown}
 e - a potion of lignification {unknown}
 i - a potion of ambrosia {unknown}
 k - a potion of mutation {unknown}


   Skills:
 + Level 2.4 Fighting
 + Level 0.4 Long Blades
 - Level 2.4 Dodging
 + Level 2.4 Stealth
 - Level 2.8 Spellcasting
 + Level 0.6 Conjurations
 - Level 0.7 Transmutations
 + Level 4.7 Earth Magic


You had 5 spell levels left.
You knew the following spells:

 Your Spells              Type           Power      Damage    Failure   Level
a - Sandblast             Erth           52%        2d12      1%          1
b - Stone Arrow           Conj/Erth      32%        3d9       11%         3

Your spell library contained the following spells:

 Spells                   Type           Power      Damage    Failure   Level
 Passwall                 Tmut/Erth      13%        N/A       5%          2
 Petrify                  Tmut/Erth      16%        N/A       34%         4


Dungeon Overview and Level Annotations

Branches:
Dungeon (4/15)
 Temple: D:4-7

Altars:
Dithmenos
Hepliaklqana


Innate Abilities, Weirdness & Mutations

You are immune to sickness and miasma.
Your stone body is resilient. (AC +4)
You are immune to poison.
You resist negative energy. (rN+)
You are resistant to electric shocks. (rElec)
You are resistant to unholy torment.
You are immune to petrification.


Message History

There are monsters nearby!
Casting: Sandblast (safe; 1% risk of failure)
Confirm with . or Enter, or press ? or * to list all spells.
Aiming: Sandblast (safe; 1% risk of failure)
Press: ? - help, Shift-Dir - straight line, f - orc priest
Aim: an orc priest, wielding a +0 hand axe (81% to hit)
The blast of sand hits the orc priest!
You kill the orc priest!
An orc comes into view. It is wielding a +0 hand axe.
Casting: Sandblast (safe; 1% risk of failure)
Confirm with . or Enter, or press ? or * to list all spells.
Aiming: Sandblast (safe; 1% risk of failure)
Press: ? - help, Shift-Dir - straight line, f - orc priest
Aim: an orc priest, wielding a +0 dagger and wearing a +3 leather armour of fire resistance (81% to hit)
The blast of sand hits the orc priest!
The orc priest is severely wounded.
Casting: Sandblast (safe; 1% risk of failure)
Confirm with . or Enter, or press ? or * to list all spells.
Aiming: Sandblast (safe; 1% risk of failure)
Press: ? - help, Shift-Dir - straight line, f/p - orc priest
Aim: an orc priest, wielding a +0 dagger and wearing a +3 leather armour of fire resistance (severely wounded, 81% to hit)
The blast of sand hits the orc priest.
The orc priest is severely wounded.
The orc priest mumbles some strange prayers to Beogh against you.
Pain shoots through your body!
You hit the orc priest but do no damage.
The orc priest is severely wounded.
The orc priest mumbles some strange prayers to Beogh against you.
Beogh smites you! The orc hits you but does no damage.
You hit the orc. You burn the orc.
The orc is moderately wounded.
The orc hits you with a +0 hand axe.
The orc priest looks encouraged for a moment.
The orc hits you but does no damage.
You slash the orc! You burn the orc.
You kill the orc!
The orc misses you.
The orc priest mumbles some strange prayers to Beogh against you.
Beogh smites you!
You die...

#. ### .....# # ###
.#... .# ..>. [.o.
... #..##.o# .#.#
##....... .....
.......o###...#.#
........)@o......
##...........#.#
###...####.## #...#
# ######...####.#
...............$
##.##....####.##
.######.##..........
..............####.#


You could see an orc priest and an orc.

Vanquished Creatures
  An orc priest (D:4)
  An iguana (D:3)
  An adder (D:4)
  A worm (D:2)
  6 dart slugs
  6 orcs
  6 ball pythons
  8 bats
  3 endoplasms
  4 giant cockroaches
  10 goblins
  7 hobgoblins
  2 jackals (D:1)
  3 quokkas
  7 frilled lizards
  8 kobolds
  6 rats
80 creatures vanquished.

Notes
Turn   | Place    | Note
-------+----------+-------------------------------------------
     0 | D:1      | hikkokomori the Gargoyle Earth Elementalist began the quest
                  | for the Orb.
     0 | D:1      | Reached XP level 1. HP: 10/10 MP: 3/3
   189 | D:1      | Reached XP level 2. HP: 16/16 MP: 0/5
   319 | D:1      | Reached skill level 1 in Fighting
   418 | D:1      | Reached skill level 4 in Earth Magic
   424 | D:1      | Reached XP level 3. HP: 20/20 MP: 0/6
   513 | D:1      | Found a faded altar of an unknown god.
  1286 | D:2      | Reached XP level 4. HP: 26/26 MP: 5/7
  2241 | D:3      | Identified the +6 falchion of Shrieking Terror {flame,
                  | rElec Int+6}
  2458 | D:3      | Found a hazy altar of Hepliaklqana.
  2623 | D:3      | Reached XP level 5. HP: 30/30 MP: 9/9
  2644 | D:3      | Learned a level 3 spell: Stone Arrow
  2963 | D:3      | Found a shadowy altar of Dithmenos.
  3152 | D:4      | Killed from afar by an orc priest

Illustrated notes

Levels and vault maps discovered:
D:1:      kilobyte_arrival_exit_the_forest, layout_basic,
          ebering_ecumenical_altar_webs, minmay_misc_feat_four_crosses,
          minmay_misc_feat_columns
D:2:      layout_basic, minmay_misc_feat_room, minmay_hedge_maze,
          kennysheep_flooded_box
D:3:      layout_basic, mainiacjoe_overflow_alcove_1, overflow_temple_1_default,
          minmay_surrounded
D:4:      layout_basic, chequers_temple_overflow_statue_of_worship,
          mainiacjoe_overflow_catwalk

Skill      XL: |  1  2  3  4 |
---------------+-------------+-----
Fighting       | 1 2 |  2.4
Earth Magic    | 4 |  4.7
Dodging        | 2 |  2.4
Long Blades    | |  0.4
Stealth        | |  2.4
Spellcasting   | |  2.8
Conjurations   | |  0.6
Transmutations | |  0.7

Action                   |  1- 3 |  4- 6 || total
-------------------------+-------+-------++-------
Melee: Unarmed           |     4 |       ||     4
       Short sword       |    15 |    21 ||    36
       Falchion          |       |    28 ||    28
       Punch             |       |     1 ||     1
 Cast: Sandblast         |    55 |    35 ||    90
 Stab: Sleeping          |       |     1 ||     1
Armor: Robe              |    12 |     9 ||    21
Dodge: Dodged            |    19 |    30 ||    49
